 Dungeon Crawl Stone Soup version 0.28-b1-70-g80dc712255 (webtiles) character file.

Game seed: 9261347252773983512

92 zeram the Covered (level 4, -1/29 HPs)
             Began as a Gargoyle Fighter on Feb 4, 2022.
             Slain by Natasha (7 damage)
             ... on level 2 of the Dungeon.
             The game lasted 00:01:55 (1658 turns).

zeram the Covered (Gargoyle Fighter)                Turns: 1658, Time: 00:01:56

Health: -1/29      AC: 10    Str: 22    XL:     4   Next: 60%
Magic:  4/4        EV:  9    Int:  8    God:
Gold:   69         SH:  4    Dex:  9    Spells: 3/3 levels left

rFire   . . .      SeeInvis .   a - +0 flail
rCold   . . .      Faith    .   c - +0 buckler
rNeg    + . .      Spirit   .   b - +0 scale mail
rPois   ∞          Reflect  .   (no helmet)
rElec   +          Harm     .   (no cloak)
rCorr   .          Rampage  .   (no gloves)
Will    .....                   (no boots)
Stlth   ..........              (no amulet)
HPRegen 0.09/turn               (no ring)
MPRegen 0.09/turn               (no ring)

@: invisible
A: sickness immunity, AC +3, negative energy resistance 1, electricity
resistance, torment resistance 1, petrification resistance
a: no special abilities


You were on level 2 of the Dungeon.
You visited 1 branch of the dungeon, and saw 2 of its levels.

You collected 69 gold pieces.

Inventory:

Hand Weapons
 a - a +0 flail (weapon)
Armour
 b - a +0 scale mail (worn)
 c - a +0 buckler (worn)
Scrolls
 k - a scroll of magic mapping {unknown}
 m - a scroll of enchant armour {unknown}
 n - a scroll of vulnerability {unknown}
Potions
 d - a potion of might
 e - a potion of curing
 f - a potion of resistance {unknown}
 g - a potion of degeneration {unknown}
 h - a potion of invisibility
 i - 2 potions of lignification {unknown}
 j - a potion of haste {unknown}
 l - a potion of heal wounds {unknown}


   Skills:
 + Level 3.7 Fighting
 + Level 3.2 Maces & Flails
 + Level 4.0 Armour
 + Level 0.8 Dodging
 + Level 3.5 Shields


You had 3 spell levels left.
You didn't know any spells.
Your spell library contained the following spells:

 Spells                   Type           Power      Damage    Failure   Level
 Summon Lightning Spire   Summ/Air       0%         N/A       100%        4
 Storm Form               Tmut/Air       0%         N/A       100%        7
 Maxwell's Capacitive Co  Air            0%         ∞         100%        8


Dungeon Overview and Level Annotations

Branches:
Dungeon (2/15)

Altars:

Annotations:
D:2 Natasha


Innate Abilities, Weirdness & Mutations

You are immune to sickness and miasma.
Your stone body is resilient. (AC +3)
You are immune to poison.
You resist negative energy. (rN+)
You are resistant to electric shocks. (rElec)
You are resistant to unholy torment.
You are immune to petrification.


Message History

* * * LOW HITPOINT WARNING * * *
You closely miss the crimson imp.
The white imp shouts!
The crimson imp closely misses you. Something claws you but does no damage.
You closely miss the crimson imp.
You hear some strange, mumbled words.
Something tries to affect you, but you resist.
The crimson imp closely misses you.
Unknown command.
You miss the crimson imp. Something claws you.
* * * LOW HITPOINT WARNING * * *
The crimson imp hits you.
* * * LOW HITPOINT WARNING * * *
The white imp gestures at you. The puff of frost misses you.
Something claws you.
* * * LOW HITPOINT WARNING * * *
You feel better. Something claws you but does no damage.
The white imp gestures at you. The puff of frost misses you.
You feel better. The crimson imp barely misses you.
The white imp barely misses you. Something claws you but does no damage.
You sock the crimson imp!
The crimson imp is heavily wounded.
The crimson imp closely misses you. The white imp gestures at you.
The puff of frost hits you!
* * * LOW HITPOINT WARNING * * *
Something completely misses you.
You strike the helpless crimson imp from behind!
You sock the crimson imp!
You kill the crimson imp!
The crimson imp disappears in a puff of smoke!
The crimson imp closely misses you. The white imp closely misses you.
Something claws you but does no damage.
The crimson imp hits you but does no damage.
You miss the crimson imp.
The crimson imp disappears in a puff of smoke!
The white imp disappears in a puff of smoke!
Something claws you!
You die...

#.# #.......#...#.......# #.#
##.....##...##.....## ####.#
##...###...###...## #....# #####
#...# ##### #.####
##...###...###...## #.#
##.....##...##.....## #.#
#.......#...#.......#
#.#########
#.(§§{.†'...'.......#
..........#
#...@§..#...#.......#
#.#######.#
##.....##..)##.....##
#.#######.#####...###....##...##
..............#######...#######
..#######.####..............#
..........# #.########.#####
.#######..# #.# #.# .# #..# #.#
#.# .# #..####.## #.#


There were no monsters in sight!

Vanquished Creatures
  A gnoll (D:1)
  2 adders (D:2)
  3 dart slugs
  4 ball pythons
  5 bats (D:1)
  2 endoplasms (D:2)
  4 giant cockroaches
  5 hobgoblins
  8 jackals
  3 quokkas (D:2)
  2 frilled lizards (D:2)
  6 goblins
  2 kobolds (D:1)
  3 rats
50 creatures vanquished.

Notes
Turn   | Place    | Note
-------+----------+-------------------------------------------
     0 | D:1      | zeram the Gargoyle Fighter began the quest for the Orb.
     0 | D:1      | Reached XP level 1. HP: 14/14 MP: 1/1
    72 | D:1      | Reached XP level 2. HP: 8/19 MP: 2/2
   384 | D:1      | Reached XP level 3. HP: 17/23 MP: 3/3
   594 | D:1      | Found a faded altar of an unknown god.
  1012 | D:2      | Reached XP level 4. HP: 26/29 MP: 4/4
  1631 | D:2      | Noticed Natasha
  1638 | D:2      | Reached skill level 4 in Armour
  1653 | D:2      | HP: 1/29 [something (2)]
  1658 | D:2      | Slain by Natasha

Illustrated notes

Levels and vault maps discovered:
D:1:      lightli_arrival_noodles, layout_loops_cross,
          hellmonk_ecumenical_altar_pennies_from_heaven
D:2:      kennysheep_six_static_rooms, layout_loops_ring, uniq_natasha

Skill      XL: |  1  2  3  4 |
---------------+-------------+-----
Maces & Flails | 3 |  3.2
Armour         | 4 |  4.0
Fighting       | |  3.7
Dodging        | |  0.8
Shields        | |  3.5

Action                   |  1- 3 |  4- 6 || total
-------------------------+-------+-------++-------
Melee: Flail             |    74 |    70 ||   144
  Use: Potion            |       |     4 ||     4
 Stab: Invisible         |       |     1 ||     1
Armor: Scale mail        |    58 |    41 ||    99
Dodge: Dodged            |    49 |    39 ||    88
Block: Buckler           |    16 |    17 ||    33
